[Event "GER-ch Youth-U12 2024"]
[Site "Willingen"]
[Date "2024.05.20"]
[Round "3"]
[White "Gao, Chenzhuo"]
[Black "Andersen, Jonathan"]
[Result "0-1"]
[ECO "D04"]
[WhiteElo "1580"]
[BlackElo "1693"]
[Annotator "NA"]
[PlyCount "76"]
[EventDate "2022.06.05"]
[EventType "swiss"]
[EventRounds "9"]
[EventCountry "GER"]
[SourceTitle "playchess.com"]
[Source "ChessBase"]
[SourceQuality "1"]
[TimeControl "40/4500+30:900+30"]

1. d4 Nf6 2. Nf3 g6 3. e3 Bg7 4. Bd3 d5 5. b4 O-O 6. O-O a5 7. b5 Ne4 8. c4 Nc5 9. Be2 dxc4 10. Bxc4 b6 11. Bb2 Bb7 12. Nbd2 Ne4 13. Nxe4 Bxe4 14. Nd2 Bb7 15. a4 c5 16. bxc6 Nxc6 17. Qb3 e5 18. d5 Nb4 19. Ba3 Rc8 20. Bxb4 axb4 21. Rad1 Qe7 22. Ne4 Kh8 23. Rb1 Rfd8 24. Nd2 Bf8 25. Rfd1 Qc5 26. Rbc1 f5 27. h3 e4 28. f3 exf3 29. Nxf3 Bh6 30. Kf2 Re8 31. Rd3 Bxd5 32. Rxd5 Qxe3+ 33. Qxe3 Bxe3+ 34. Kf1 Bxc1 35. Bb5 Red8 36. Re5 b3 37. Be2 Rc5 38. Re6 b5 0-1

[Event "GER-ch Youth-U12 2024"]
[Site "Willingen"]
[Date "2024.05.20"]
[Round "3"]
[White "Levytskyi, Oleksandr"]
[Black "Obermair, Hannes"]
[Result "1/2-1/2"]
[ECO "B38"]
[WhiteElo "1467"]
[BlackElo "1668"]
[Annotator "NA"]
[PlyCount "104"]
[EventDate "2022.06.05"]
[EventType "swiss"]
[EventRounds "9"]
[EventCountry "GER"]
[SourceTitle "playchess.com"]
[Source "ChessBase"]
[SourceQuality "1"]
[TimeControl "40/4500+30:900+30"]

1. e4 c5 2. c4 Nc6 3. Ne2 g6 4. d4 cxd4 5. Nxd4 Bg7 6. Be3 e6 7. Nc3 Nge7 8. Be2 O-O 9. O-O b6 10. Nxc6 dxc6 11. Rc1 Bb7 12. c5 b5 13. b4 a5 14. a3 axb4 15. axb4 Qc7 16. Qb3 Rfd8 17. Rfd1 Rdc8 18. Bg4 Rd8 19. Be2 Rxd1+ 20. Rxd1 Rd8 21. Rxd8+ Qxd8 22. Qd1 Qxd1+ 23. Nxd1 Kf8 24. Kf1 Ke8 25. Ke1 e5 26. Kd2 Bc8 27. Nc3 Be6 28. h3 Kd7 29. Kc2 Kc7 30. Kb2 Nc8 31. Bd1 Na7 32. Bb3 Bxb3 33. Kxb3 Kd7 34. Ne2 Nc8 35. g4 Ne7 36. Ng3 h6 37. Kc2 Ng8 38. Kd3 Ne7 39. Bd2 g5 40. Nf5 Nxf5 41. exf5 f6 42. Ke3 Ke7 43. f3 Kd7 44. Kf2 Ke7 45. Kg3 Kf7 46. h4 Bf8 47. hxg5 hxg5 48. Kf2 Be7 49. Ke3 Bd8 50. Ke4 Bc7 51. Bc3 Ke7 52. Bd2 Kf7 1/2-1/2

[Event "GER-ch Youth-U12 2024"]
[Site "Willingen"]
[Date "2024.05.21"]
[Round "4"]
[White "Tarasenko, Nazar"]
[Black "Peglau, Paul David"]
[Result "1-0"]
[ECO "D41"]
[WhiteElo "2061"]
[BlackElo "1806"]
[Annotator "RC"]
[PlyCount "77"]
[EventDate "2022.06.05"]
[EventType "swiss"]
[EventRounds "9"]
[EventCountry "GER"]
[SourceTitle "playchess.com"]
[Source "ChessBase"]
[SourceQuality "1"]
[TimeControl "40/4500+30:900+30"]

1. d4 d5 2. c4 e6 3. Nc3 Nf6 4. cxd5 Nxd5 5. e4 Nxc3 6. bxc3 c5 7. Nf3 cxd4 8. cxd4 Bb4+ 9. Bd2 Bxd2+ 10. Qxd2 O-O 11. Be2 b6 12. O-O Bb7 13. Qe3 Nd7 14. Rad1 Rc8 15. Bd3 Re8 16. Rfe1 Nf8 17. h4 h5 18. Ng5 Re7 19. Be2 g6 20. e5 Rc2 21. Qf4 Nh7 22. Bd3 Rb2 23. Nh3 Rd7 24. Qh6 Qxh4 25. d5 Bxd5 26. Rc1 Bb7 27. Be4 Bxe4 28. Rxe4 Qe7 29. Rec4 Rbd2 30. Rc8+ Nf8 31. Ng5 Rd8 32. R1c7 R2d7 33. Rxd7 Qxd7 34. Ne4 Qd1+ 35. Kh2 Nh7 36. Nf6+ Nxf6 37. exf6 Qd6+ 38. g3 Qf8 39. Rxd8 1-0

[Event "GER-ch Youth-U12 2024"]
[Site "Willingen"]
[Date "2024.05.21"]
[Round "4"]
[White "Zhang, Yibo"]
[Black "Vartanian, Roman"]
[Result "1/2-1/2"]
[ECO "B92"]
[WhiteElo "1988"]
[BlackElo "1797"]
[Annotator "NA RC"]
[PlyCount "86"]
[EventDate "2022.06.05"]
[EventType "swiss"]
[EventRounds "9"]
[EventCountry "GER"]
[SourceTitle "playchess.com"]
[Source "ChessBase"]
[SourceQuality "1"]
[TimeControl "40/4500+30:900+30"]

1. e4 c5 2. Nf3 d6 3. d4 cxd4 4. Nxd4 Nf6 5. Nc3 a6 6. Be2 e5 7. Nb3 Be6 8. O-O Be7 9. f4 b5 {[%emt 0:00:00] B92: Sicilian Najdorf: 6 Be2.} 10. f5 Bc8 11. Bf3 Bb7 12. Qe1 Nbd7 13. Be3 Qc7 14. Rc1 Nc5 15. Qg3 Ncxe4 16. Bxe4 Bxe4 17. Nxe4 Nxe4 18. Qxg7 Bf6 19. Qg4 d5 20. Rfd1 Rd8 21. Nd2 Nxd2 22. Bxd2 Qc4 23. Qf3 Rg8 24. b3 Qg4 25. Qxg4 Rxg4 26. h3 Rg3 27. Kh2 Rg8 28. Ba5 $15 (28. c4 $11) 28... Rd7 29. c4 Bg5 30. Rc2 Bf4+ 31. Kh1 dxc4 32. Rxd7 Kxd7 33. bxc4 Rc8 34. c5 Be3 35. Bb4 Bd4 36. g4 Kc6 37. h4 Kd5 38. Kg2 Rc7 39. g5 Ke4 40. c6 Kd5 41. Kf3 e4+ 42. Kf4 Be5+ 43. Ke3 Bd4+ 1/2-1/2

[Event "GER-ch Youth-U12 2024"]
[Site "Willingen"]
[Date "2024.05.21"]
[Round "4"]
[White "Bundan, Edward"]
[Black "Meijers, Janis"]
[Result "1-0"]
[ECO "B11"]
[WhiteElo "1897"]
[BlackElo "1787"]
[Annotator "NA RC"]
[PlyCount "149"]
[EventDate "2022.06.05"]
[EventType "swiss"]
[EventRounds "9"]
[EventCountry "GER"]
[SourceTitle "playchess.com"]
[Source "ChessBase"]
[SourceQuality "1"]
[TimeControl "40/4500+30:900+30"]

1. e4 c6 2. Nc3 d5 3. Nf3 dxe4 4. Nxe4 Nf6 5. Nxf6+ exf6 6. h3 Bd6 7. d4 O-O 8. Be2 Re8 9. O-O Nd7 10. Bd3 Nf8 11. Bd2 Be6 12. Re1 Qc7 13. c4 Ng6 14. Qc2 Qd7 15. Bxg6 hxg6 16. h4 Bg4 17. Qd3 Bf5 18. Qc3 Be4 19. Re2 Re7 20. Rae1 Rae8 21. Nh2 Qc7 22. Ng4 f5 23. Ne5 c5 24. Nf3 Bxf3 25. Rxe7 Rxe7 26. Rxe7 Bxe7 27. Qxf3 cxd4 28. Qd5 Bxh4 29. Qxd4 Bf6 30. Qxa7 Bxb2 31. Qa4 Be5 32. g3 Qd6 33. Be3 Kh7 34. c5 Qe7 35. Kg2 g5 36. Qc2 g6 37. Qd2 Bf6 38. Qd5 g4 39. a4 Qc7 40. Bf4 Qe7 41. Be3 Kg8 42. Kg1 Qc7 43. Bf4 Qc8 44. Qd6 Bd8 45. Bh6 Bg5 46. Bxg5 Qe8 47. Qe7 Qxa4 48. Bf6 Qa8 49. Qd8+ Qxd8 50. Bxd8 Kf8 51. Kf1 Ke8 52. Bb6 Kd7 53. Ke2 Ke6 54. Ke3 g5 55. Kd4 f4 56. Bc7 fxg3 57. fxg3 f5 58. Bd8 f4 59. Bxg5 fxg3 60. Ke4 g2 61. Be3 Kd7 62. Kf4 Kc6 63. Kxg4 Kc7 64. Kg3 Kb8 65. Kxg2 Ka8 66. Kf3 Kb8 67. Ke4 Ka8 68. Kd5 Kb8 69. Kd6 Ka8 70. Kc7 Ka7 71. c6+ b6 72. Bxb6+ Ka8 73. Kd7 Kb8 74. c7+ Kb7 75. c8=Q+ 1-0

[Event "GER-ch Youth-U12 2024"]
[Site "Willingen"]
[Date "2024.05.21"]
[Round "4"]
[White "Marynychenko, Yehor"]
[Black "Fadeev, Justin Michael"]
[Result "1/2-1/2"]
[ECO "C29"]
[WhiteElo "1896"]
[BlackElo "1762"]
[Annotator "NA RC"]
[PlyCount "137"]
[EventDate "2022.06.05"]
[EventType "swiss"]
[EventRounds "9"]
[EventCountry "GER"]
[SourceTitle "playchess.com"]
[Source "ChessBase"]
[SourceQuality "1"]
[TimeControl "40/4500+30:900+30"]

1. e4 e5 2. Nc3 Nf6 3. f4 d5 4. fxe5 Nxe4 5. Nf3 Bc5 6. d4 Bb4 7. Bd2 c5 8. Bd3 Nxd2 9. Qxd2 cxd4 10. Nxd4 Nc6 11. Nxc6 bxc6 12. O-O O-O 13. Qf4 Rb8 14. Kh1 Be7 15. a3 Rxb2 16. Qa4 Qc7 17. Rae1 Be6 18. Nd1 Rb1 19. c4 Ra1 20. Qc2 g6 21. cxd5 Bxd5 22. Nc3 Rxe1 23. Rxe1 Qd7 24. Nxd5 cxd5 25. e6 Qd6 26. exf7+ Rxf7 27. Qb3 Kg7 28. Bf1 Qe5 29. Qd1 Qf4 30. g3 Qf6 31. Bg2 d4 32. Bd5 Rf8 33. Re6 Qg5 34. Qxd4+ Bf6 35. Qxa7+ Rf7 36. Qxf7+ Kxf7 37. Re5+ Kg7 38. Rxg5 Bxg5 39. a4 Bd2 40. Kg2 Kf6 41. Kf3 Kf5 42. Ke2 Ba5 43. Bf3 g5 44. Kd3 h6 45. g4+ Kf4 46. Bd1 h5 47. gxh5 Kf5 48. h3 Kf6 49. Kc4 Kg7 50. Kb5 Bd2 51. a5 Bxa5 52. Kxa5 Kh8 53. Bc2 Kg7 54. Kb5 Kh8 55. Kc6 Kg7 56. Kd5 Kh8 57. Bg6 Kg7 58. Ke5 Kh8 59. Kf6 Kg8 60. Bf7+ Kh8 61. Bg6 Kg8 62. h6 Kh8 63. Kxg5 Kg8 64. Kf6 Kh8 65. Bf7 Kh7 66. Be6 Kh8 67. h4 Kh7 68. Bd5 Kh8 69. Bg8 1/2-1/2

[Event "GER-ch Youth-U12 2024"]
[Site "Willingen"]
[Date "2024.05.21"]
[Round "4"]
[White "Hoppe, Arthur"]
[Black "Stehning, Toni"]
[Result "0-1"]
[ECO "D32"]
[WhiteElo "1859"]
[BlackElo "1821"]
[Annotator "NA RC"]
[PlyCount "20"]
[EventDate "2022.06.05"]
[EventType "swiss"]
[EventRounds "9"]
[EventCountry "GER"]
[SourceTitle "playchess.com"]
[Source "ChessBase"]
[SourceQuality "1"]
[TimeControl "40/4500+30:900+30"]

1. d4 d5 2. c4 e6 3. Nc3 c5 4. cxd5 exd5 5. Nf3 Nf6 6. dxc5 Bxc5 7. Bg5 Qb6 8. Be3 Bxe3 9. fxe3 Qxb2 10. Kf2 Qxc3 0-1

[Event "GER-ch Youth-U12 2024"]
[Site "Willingen"]
[Date "2024.05.21"]
[Round "4"]
[White "Junge, Mattheo Gabriel"]
[Black "Jahn, Gustav"]
[Result "1-0"]
[ECO "B12"]
[WhiteElo "1817"]
[BlackElo "1755"]
[Annotator "NA RC"]
[PlyCount "45"]
[EventDate "2022.06.05"]
[EventType "swiss"]
[EventRounds "9"]
[EventCountry "GER"]
[SourceTitle "playchess.com"]
[Source "ChessBase"]
[SourceQuality "1"]
[TimeControl "40/4500+30:900+30"]

1. e4 c6 2. d4 d5 3. f3 dxe4 4. fxe4 Nd7 5. Nf3 e6 6. Bc4 Ngf6 7. e5 Nd5 8. O-O Be7 9. Nc3 Nxc3 10. bxc3 b5 11. Bd3 O-O 12. Qe1 Re8 13. Qe4 Nf8 14. Qxc6 Bd7 15. Qe4 Ng6 16. h4 Bxh4 17. Qg4 Be7 18. Bg5 Bc6 19. Bxe7 Rxe7 20. Ng5 Rc7 21. Qh5 Be8 22. Qxh7+ Kf8 23. Nxe6+ 1-0

[Event "GER-ch Youth-U12 2024"]
[Site "Willingen"]
[Date "2024.05.21"]
[Round "4"]
[White "Rodriguez Klasen, Ennio"]
[Black "Hepp, Daniel"]
[Result "1/2-1/2"]
[ECO "B20"]
[WhiteElo "1802"]
[BlackElo "1721"]
[Annotator "NA RC"]
[PlyCount "123"]
[EventDate "2022.06.05"]
[EventType "swiss"]
[EventRounds "9"]
[EventCountry "GER"]
[SourceTitle "playchess.com"]
[Source "ChessBase"]
[SourceQuality "1"]
[TimeControl "40/4500+30:900+30"]

1. e4 c5 2. b3 Nc6 3. Bb2 d6 4. Bb5 Nf6 5. Nc3 Bd7 6. f4 a6 7. Bxc6 Bxc6 8. d3 e6 9. Nf3 d5 10. e5 Ng4 11. Qe2 Be7 12. O-O Qc7 13. h3 Nh6 14. g4 O-O-O 15. a3 Rhg8 16. Qd2 Rdf8 17. b4 f6 18. bxc5 fxe5 19. Nxe5 Bxc5+ 20. d4 Bd6 21. Rae1 Bxe5 22. fxe5 Qe7 23. Qg2 Rxf1+ 24. Rxf1 Rf8 25. Bc1 Rxf1+ 26. Qxf1 Nf7 27. Qf4 h6 28. Kg2 g5 29. Qf6 Qxf6 30. exf6 Kd7 31. Ne2 Kd6 32. Ng3 Be8 33. Bb2 Nd8 34. Kf3 Bg6 35. c3 Nc6 36. a4 Kd7 37. Ba3 Ke8 38. Bd6 Kf7 39. Be5 Na5 40. Nf1 Nc4 41. Ne3 Nb6 42. a5 Nd7 43. c4 Be4+ 44. Kg3 Nxf6 45. c5 Nd7 46. Bc7 e5 47. dxe5 Ke6 48. Bd6 Nxe5 49. Bf8 d4 50. Nf1 Nf7 51. Nd2 Kd5 52. Kf2 Bg6 53. Ke2 h5 54. Be7 hxg4 55. hxg4 Ne5 56. Bxg5 Nxg4 57. Be7 d3+ 58. Ke1 Ne5 59. Kd1 Nc4 60. Nxc4 Kxc4 61. Kd2 Kb5 62. Bd8 1/2-1/2

[Event "GER-ch Youth-U12 2024"]
[Site "Willingen"]
[Date "2024.05.21"]
[Round "4"]
[White "Fels, Mattis"]
[Black "Rau, Eduard"]
[Result "1-0"]
[ECO "B13"]
[WhiteElo "1759"]
[BlackElo "1756"]
[Annotator "NA RC"]
[PlyCount "65"]
[EventDate "2022.06.05"]
[EventType "swiss"]
[EventRounds "9"]
[EventCountry "GER"]
[SourceTitle "playchess.com"]
[Source "ChessBase"]
[SourceQuality "1"]
[TimeControl "40/4500+30:900+30"]

1. d4 Nf6 2. Nc3 d5 3. Bf4 c5 4. e3 cxd4 5. exd4 Bg4 6. Be2 Bxe2 7. Qxe2 Nc6 8. Nb5 Qa5+ 9. c3 Kd7 10. Nf3 e6 11. O-O a6 12. Na3 Bxa3 13. bxa3 Ne4 14. Rab1 b5 15. c4 Nc3 16. Ne5+ Ke8 17. Qh5 Nxe5 18. Qxe5 Nxb1 19. Qxg7 Ke7 20. Bg5+ Kd6 21. Qxf7 Rae8 22. Bf4+ Kc6 23. cxb5+ Kxb5 24. Rxb1+ Kc4 25. Rb4+ Kd3 26. Qh5 Qxb4 27. axb4 Rc8 28. Qh3+ Kxd4 29. Qxe6 Rhe8 30. Be3+ Kc4 31. Qxa6+ Kxb4 32. Qb6+ Kc3 33. Qb3# 1-0

[Event "GER-ch Youth-U12 2024"]
[Site "Willingen"]
[Date "2024.05.21"]
[Round "4"]
[White "Shevchenko, Igor"]
[Black "Sheng, Ming"]
[Result "1/2-1/2"]
[ECO "E40"]
[WhiteElo "1758"]
[BlackElo "2031"]
[Annotator "NA RC"]
[PlyCount "103"]
[EventDate "2022.06.05"]
[EventType "swiss"]
[EventRounds "9"]
[EventCountry "GER"]
[SourceTitle "playchess.com"]
[Source "ChessBase"]
[SourceQuality "1"]
[TimeControl "40/4500+30:900+30"]

1. d4 Nf6 2. c4 e6 3. Nc3 Bb4 4. e3 O-O 5. Bd3 Bxc3+ 6. bxc3 d6 7. e4 e5 8. Ne2 c5 9. O-O Re8 {[%emt 0:00:00] E40: Nimzo-Indian: Rubinstein (4 e3): Unusual Black 4th moves.} 10. f3 Nc6 11. Be3 b6 12. d5 Na5 13. Nc1 Ba6 14. Qe2 Qd7 15. Nb3 Qa4 16. Nxa5 bxa5 17. Rab1 Nd7 18. Rb5 Bxb5 19. cxb5 Nb6 20. c4 a6 21. Rb1 axb5 22. cxb5 Rab8 23. Bc1 c4 24. Bc2 Qxa2 25. Rb2 Qa3 26. Rb1 Qc5+ 27. Be3 Qc7 28. Ra1 Nd7 29. Ba4 Rec8 30. b6 Nxb6 31. Bc6 Qd8 32. Qd2 a4 33. Qa5 h6 34. Kf2 $19 (34. h3 $142) 34... Qc7 35. Qa6 Kh8 36. g4 Kg8 37. h4 Nd7 38. Qxa4 Rb2+ 39. Kg3 Nb6 40. Qa6 Rb3 41. Ra3 Rb8 42. Bc1 Rb1 43. Bd2 Qd8 44. Ra1 Nc8 45. Rxb1 Rxb1 46. Ba5 Nb6 47. Bxb6 Qxb6 48. Qc8+ Kh7 49. Qf5+ Kh8 50. Qc8+ Kh7 51. Qf5+ Kg8 52. Qc8+ 1/2-1/2

[Event "GER-ch Youth-U12 2024"]
[Site "Willingen"]
[Date "2024.05.21"]
[Round "4"]
[White "Chua, Daniel James"]
[Black "Li, Yunqi"]
[Result "0-1"]
[ECO "C02"]
[WhiteElo "1751"]
[BlackElo "1940"]
[Annotator "RC"]
[PlyCount "76"]
[EventDate "2022.06.05"]
[EventType "swiss"]
[EventRounds "9"]
[EventCountry "GER"]
[SourceTitle "playchess.com"]
[Source "ChessBase"]
[SourceQuality "1"]
[TimeControl "40/4500+30:900+30"]

1. e4 e6 2. d4 d5 3. e5 c5 4. c3 Nc6 5. Nf3 Bd7 6. Be2 f6 7. O-O fxe5 8. Nxe5 Nxe5 9. dxe5 Qc7 10. Re1 O-O-O 11. Bf1 Nh6 12. a4 Nf7 13. Bf4 Be7 14. Na3 Kb8 15. b4 c4 16. Nb5 Bxb5 17. axb5 b6 18. Ra6 h5 19. Qa4 Bg5 20. Bxg5 Nxg5 21. Qc2 Rh6 22. Rea1 Rd7 23. f4 Nf7 24. Be2 Qd8 25. Qa4 Qc7 26. Qd1 Qd8 27. Qa4 Qc7 28. g3 g5 29. h4 gxh4 30. gxh4 Rg6+ 31. Kh2 Nxe5 32. Rf1 Rdg7 33. Rf2 Ng4+ 34. Bxg4 Rxg4 35. Kh3 Rxf4 36. Qc2 Rxh4+ 37. Kxh4 Qg3+ 38. Kxh5 Qg5# 0-1

[Event "GER-ch Youth-U12 2024"]
[Site "Willingen"]
[Date "2024.05.21"]
[Round "4"]
[White "Draude, Theo"]
[Black "Hellriegel, Hannes"]
[Result "0-1"]
[ECO "C45"]
[WhiteElo "1731"]
[BlackElo "1701"]
[Annotator "NA RC"]
[PlyCount "74"]
[EventDate "2022.06.05"]
[EventType "swiss"]
[EventRounds "9"]
[EventCountry "GER"]
[SourceTitle "playchess.com"]
[Source "ChessBase"]
[SourceQuality "1"]
[TimeControl "40/4500+30:900+30"]

1. e4 e5 2. Nf3 Nc6 3. d4 exd4 4. Nxd4 Nf6 5. Nxc6 bxc6 6. e5 Ne4 7. Qe2 Nc5 8. b3 Be7 9. g3 d5 10. Bg2 O-O 11. Nd2 f6 12. Bb2 Bf5 13. Nf3 fxe5 14. Nxe5 Qd6 15. O-O Bf6 16. f4 Rae8 17. Rad1 Nd7 18. Rfe1 Bxe5 19. fxe5 Qc5+ 20. Bd4 Qe7 21. c4 Kh8 22. cxd5 cxd5 23. Bxd5 c5 24. Bc3 Nb6 25. Bg2 Qc7 26. Rd6 Be6 27. Red1 Qf7 28. Ba5 Rb8 29. Rc6 Rfc8 30. Rdd6 Rxc6 31. Rxc6 Qe7 32. Qc2 Rc8 33. Qe4 Qd7 34. Rd6 Qe7 35. Bxb6 axb6 36. Rxb6 c4 37. bxc4 Qc5+ 0-1

[Event "GER-ch Youth-U12 2024"]
[Site "Willingen"]
[Date "2024.05.21"]
[Round "4"]
[White "Gersemann, Karl"]
[Black "Belin, Anton"]
[Result "1/2-1/2"]
[ECO "C07"]
[WhiteElo "1729"]
[BlackElo "1948"]
[Annotator "RC"]
[PlyCount "52"]
[EventDate "2022.06.05"]
[EventType "swiss"]
[EventRounds "9"]
[EventCountry "GER"]
[SourceTitle "playchess.com"]
[Source "ChessBase"]
[SourceQuality "1"]
[TimeControl "40/4500+30:900+30"]

1. e4 e6 2. d4 d5 3. Nd2 c5 4. exd5 Qxd5 5. Ngf3 cxd4 6. Bc4 Qd6 7. O-O Nf6 8. Nb3 Nc6 9. Nbxd4 Nxd4 10. Nxd4 a6 11. c3 Be7 12. Qe2 O-O 13. Bg5 e5 14. Rfe1 Ng4 15. Bxe7 Qxe7 16. Nf3 Qc5 17. b4 Qc7 18. h3 Nf6 19. Nxe5 b5 20. Bb3 Bb7 21. Qc2 Nd5 22. Bxd5 Bxd5 23. Nd3 Qc6 24. Nf4 Bc4 25. Qe4 Qf6 26. Qd4 Qxd4 1/2-1/2

[Event "GER-ch Youth-U12 2024"]
[Site "Willingen"]
[Date "2024.05.21"]
[Round "4"]
[White "Vinogradov, Ilia"]
[Black "Zimmer, Tim"]
[Result "0-1"]
[ECO "C50"]
[WhiteElo "1723"]
[BlackElo "1772"]
[Annotator "NA RC"]
[PlyCount "70"]
[EventDate "2022.06.05"]
[EventType "swiss"]
[EventRounds "9"]
[EventCountry "GER"]
[SourceTitle "playchess.com"]
[Source "ChessBase"]
[SourceQuality "1"]
[TimeControl "40/4500+30:900+30"]

1. e4 e5 2. Nf3 Nc6 3. Bc4 Bc5 4. O-O Nf6 5. d4 Bxd4 6. Nxd4 Nxd4 7. f4 d6 8. fxe5 dxe5 9. Bg5 Qe7 10. Na3 Bd7 11. c3 Ne6 12. Bxf6 gxf6 13. Bxe6 Bxe6 14. Qf3 O-O-O 15. Rfd1 Rxd1+ 16. Qxd1 Qc5+ 17. Kh1 Qf2 18. b3 Rd8 19. Qe1 Qxe1+ 20. Rxe1 Rd2 21. Ra1 Re2 22. Kg1 Rxe4 23. Kf2 Kd7 24. h3 f5 25. g3 f4 26. Rd1+ Ke7 27. Rd3 Bxh3 28. gxf4 Rxf4+ 29. Rf3 Rxf3+ 30. Kxf3 Bf5 31. Nc4 Ke6 32. Ne3 h5 33. Kg3 Bd3 34. a3 f5 35. Kf3 f4 0-1

[Event "GER-ch Youth-U12 2024"]
[Site "Willingen"]
[Date "2024.05.21"]
[Round "4"]
[White "Wagener, Nicolas"]
[Black "Heitmann, Erik"]
[Result "1/2-1/2"]
[ECO "B01"]
[WhiteElo "1713"]
[BlackElo "1644"]
[Annotator "NA RC"]
[PlyCount "99"]
[EventDate "2022.06.05"]
[EventType "swiss"]
[EventRounds "9"]
[EventCountry "GER"]
[SourceTitle "playchess.com"]
[Source "ChessBase"]
[SourceQuality "1"]
[TimeControl "40/4500+30:900+30"]

1. e4 d5 2. exd5 Qxd5 3. Nc3 Qa5 4. d4 c6 5. Nf3 Bf5 6. d5 e6 7. d6 Qb4 8. Bg5 h6 9. Ne5 Bxd6 10. Nc4 Bc7 11. a3 Qf8 12. Bh4 Nd7 13. Bd3 Ngf6 14. Bxf5 exf5 15. Bxf6 gxf6 16. Qd3 Qg7 17. O-O O-O-O 18. Qxf5 Rhg8 19. g3 Qg6 20. Qxg6 fxg6 21. Ne4 Ne5 22. Nxe5 Bxe5 23. c3 f5 24. Nc5 Rd2 25. Rab1 Bd6 26. Nb3 Re2 27. Rfe1 Rge8 28. Kf1 Rxe1+ 29. Rxe1 Rxe1+ 30. Kxe1 c5 31. Ke2 Kd7 32. h4 Ke6 33. Na5 b6 34. Nc4 Bc7 35. Ne3 h5 36. c4 Be5 37. b3 Bb2 38. a4 Bd4 39. Nd5 Be5 40. f4 Bf6 41. Nc7+ Kf7 42. Nb5 a5 43. Kf3 Bd8 44. Na3 Bf6 45. Nc2 Bd8 46. Ne1 Bc7 47. Nd3 Kf6 48. Ke3 Kg7 49. Ne5 Kh7 50. Nc6 1/2-1/2

[Event "GER-ch Youth-U12 2024"]
[Site "Willingen"]
[Date "2024.05.21"]
[Round "4"]
[White "Sasikumar Anitha, Sarvesh"]
[Black "Fischermann, Simon"]
[Result "0-1"]
[ECO "C84"]
[WhiteElo "1703"]
[BlackElo "1789"]
[Annotator "NA RC"]
[PlyCount "98"]
[EventDate "2022.06.05"]
[EventType "swiss"]
[EventRounds "9"]
[EventCountry "GER"]
[SourceTitle "playchess.com"]
[Source "ChessBase"]
[SourceQuality "1"]
[TimeControl "40/4500+30:900+30"]

1. e4 e5 2. Nf3 Nc6 3. Bb5 a6 4. Ba4 Nf6 5. d3 b5 6. Bb3 Be7 7. O-O d6 8. h3 O-O 9. a4 Na5 10. Ba2 c5 11. c3 Bb7 12. Re1 Re8 13. Nbd2 h6 14. Nf1 c4 15. Ng3 cxd3 16. Qxd3 bxa4 17. Be3 Nb3 18. Rad1 Qa5 19. Nd2 d5 20. Nxb3 axb3 21. Bxb3 Rad8 22. exd5 Bxd5 23. Bxd5 Rxd5 24. Qc4 Qb5 25. Qxb5 Rxb5 26. b4 Rc8 27. Nf5 Bf8 28. Rc1 Kh7 29. Red1 Rd5 30. Rxd5 Nxd5 31. Bd2 g6 32. Ne3 Nf4 33. Kf1 f5 34. Ra1 Rc6 35. Ke1 e4 36. Ra3 Bg7 37. Kf1 Kg8 38. Nd1 Nd5 39. Ke2 Kf7 40. f3 exf3+ 41. Kxf3 g5 42. g4 f4 43. Be1 Ke6 44. Bd2 Be5 45. Be1 Nc7 46. Nb2 Nb5 47. Ra1 Bxc3 48. Bxc3 Rxc3+ 49. Ke4 Re3# 0-1

[Event "GER-ch Youth-U12 2024"]
[Site "Willingen"]
[Date "2024.05.21"]
[Round "4"]
[White "Andersen, Jonathan"]
[Black "Schulz, Robin"]
[Result "0-1"]
[ECO "B13"]
[WhiteElo "1693"]
[BlackElo "1730"]
[Annotator "NA RC"]
[PlyCount "55"]
[EventDate "2022.06.05"]
[EventType "swiss"]
[EventRounds "9"]
[EventCountry "GER"]
[SourceTitle "playchess.com"]
[Source "ChessBase"]
[SourceQuality "1"]
[TimeControl "40/4500+30:900+30"]

1. e4 c6 2. d4 d5 3. exd5 cxd5 4. Bd3 Nc6 5. c3 Nf6 6. Bf4 Bg4 7. Qb3 Qd7 8. Nd2 e6 9. Ngf3 Bxf3 10. Nxf3 Bd6 11. Be5 O-O-O 12. O-O Ng4 13. Bxd6 Qxd6 14. a4 h5 15. a5 e5 16. a6 b6 17. c4 e4 18. c5 Nxd4 19. cxd6 Nxb3 20. Ra3 Nc5 21. Bb5 exf3 22. Rxf3 Nf6 23. Rc1 Kb8 24. b4 Ne6 25. Ba4 Rxd6 26. Rfc3 d4 27. Rd3 Nf4 28. Rdd1 0-1

[Event "GER-ch Youth-U12 2024"]
[Site "Willingen"]
[Date "2024.05.21"]
[Round "4"]
[White "Vu Hoang Bach"]
[Black "Nezhyvenko, Mykhaylo"]
[Result "0-1"]
[ECO "A09"]
[WhiteElo "1677"]
[BlackElo "2075"]
[Annotator "NA RC"]
[PlyCount "42"]
[EventDate "2022.06.05"]
[EventType "swiss"]
[EventRounds "9"]
[EventCountry "GER"]
[SourceTitle "playchess.com"]
[Source "ChessBase"]
[SourceQuality "1"]
[TimeControl "40/4500+30:900+30"]

1. Nf3 d5 2. g3 Nf6 3. Bg2 c5 4. O-O Nc6 5. c4 d4 6. d3 e5 7. e3 dxe3 8. fxe3 Be7 9. b3 Bg4 10. h3 Bh5 11. a3 Qd6 12. Qc2 Rd8 13. Bb2 O-O 14. Ne1 e4 15. g4 exd3 16. Qd2 $19 Bg6 17. Nc3 Qg3 18. Rf3 Qh4 19. Qf2 Ne4 20. Qxh4 Bxh4 21. Rd1 d2 0-1

[Event "GER-ch Youth-U12 2024"]
[Site "Willingen"]
[Date "2024.05.21"]
[Round "4"]
[White "Lee, Ho In"]
[Black "Gao, Chenzhuo"]
[Result "1/2-1/2"]
[ECO "D79"]
[WhiteElo "1668"]
[BlackElo "1580"]
[Annotator "NA RC"]
[PlyCount "82"]
[EventDate "2022.06.05"]
[EventType "swiss"]
[EventRounds "9"]
[EventCountry "GER"]
[SourceTitle "playchess.com"]
[Source "ChessBase"]
[SourceQuality "1"]
[TimeControl "40/4500+30:900+30"]

1. c4 Nf6 2. Nc3 g6 3. Nf3 Bg7 4. g3 O-O 5. Bg2 c6 6. O-O d5 7. cxd5 cxd5 8. d4 Nc6 9. a3 a6 10. b4 Ne4 11. Bb2 Bg4 12. Nb1 Qb6 13. e3 e5 14. dxe5 Nxe5 15. Bxe5 Bxe5 16. Ra2 Rfd8 17. Qd3 Bg7 18. Rc1 Bf5 19. Qd1 d4 20. Nxd4 Bxd4 21. exd4 Rxd4 22. Qe1 Rad8 23. Bf3 Ng5 24. Bg2 Bg4 25. Rd2 Nf3+ 26. Bxf3 Bxf3 27. Rcc2 Re4 28. Rxd8+ Qxd8 29. Qc1 Qd3 30. Nd2 Re2 31. Rc8+ Kg7 32. Nxf3 Qxf3 33. Qa1+ Kh6 34. Qc1+ g5 35. Qf1 Ra2 36. Rh8 Qf5 37. Rb8 Rb2 38. Rd8 Qf6 39. Rg8 Qf5 40. Rd8 Qf6 41. Rd3 Kg7 1/2-1/2

[Event "GER-ch Youth-U12 2024"]
[Site "Willingen"]
[Date "2024.05.21"]
[Round "4"]
[White "Obermair, Hannes"]
[Black "Leonhardt, Max"]
[Result "0-1"]
[ECO "D46"]
[WhiteElo "1668"]
[BlackElo "1691"]
[Annotator "NA RC"]
[PlyCount "110"]
[EventDate "2022.06.05"]
[EventType "swiss"]
[EventRounds "9"]
[EventCountry "GER"]
[SourceTitle "playchess.com"]
[Source "ChessBase"]
[SourceQuality "1"]
[TimeControl "40/4500+30:900+30"]

1. c4 e6 2. Nc3 d5 3. d4 c6 4. Nf3 Bd6 5. h3 h6 6. e3 Nf6 7. Bd3 Nbd7 8. O-O O-O 9. Bd2 Re8 10. Qc2 Bb8 11. Rac1 Qc7 12. cxd5 exd5 13. Nb5 Qd8 14. Nc3 Nf8 15. Qb3 Ne6 16. Ne2 Qc7 17. Ng3 Ng5 18. Nxg5 hxg5 19. Qd1 g6 20. Qf3 Nh5 21. Bb4 Nxg3 22. fxg3 f5 23. g4 Qh2+ 24. Kf2 fxg4 25. hxg4 Qh4+ 26. g3 Qh2+ 27. Ke1 Qxg3+ 28. Qxg3 Bxg3+ 29. Kd2 Bxg4 30. Bxg6 Bh4 31. Bxe8 Rxe8 32. Rf6 Bh3 33. Rh1 g4 34. Rh6 Bf2 35. Rf6 Bxe3+ 36. Kd3 Kg7 37. Rd6 Re4 38. Rd7+ Kg6 39. Rxb7 Bxd4 40. Bc3 Bb6 41. Re1 Bg2 42. Rxe4 dxe4+ 43. Ke2 Bf3+ 44. Kf1 Kg5 45. Be1 e3 46. Kg1 Bd5 47. Rg7+ Kf4 48. b3 Kf3 49. Kh2 Ke2 50. Bg3 Bf3 51. Rd7 Kf1 52. a3 e2 53. Bh4 Bg1+ 54. Kg3 e1=Q+ 55. Kf4 Qxh4 0-1